 Dungeon Crawl Stone Soup version 0.23.0-3-gf3c87f2df8 (webtiles) character file.

Game seed: 11182596612927202894

37 Gargoyl the Skirmisher (level 3, -2/31 HPs)
             Began as a Centaur Abyssal Knight on Feb 22, 2019.
             Was a Follower of Lugonu.
             Slain by a gnoll
             ... wielding a +0 flail
              (9 damage)
             ... on level 2 of the Dungeon.
             The game lasted 00:02:23 (1051 turns).

Gargoyl the Skirmisher (Centaur Abyssal Knight)     Turns: 1051, Time: 00:02:24

Health: -2/31      AC:  6    Str: 14      XL:     3   Next: 23%
Magic:  4/4        EV:  7    Int: 10 (11) God:    Lugonu [*.....]
Gold:   107        SH:  0    Dex:  9      Spells: 2/2 levels left

rFire    . . .     SeeInvis .   e - +1 hand axe (flame)
rCold    . . .     Gourm    .   (no shield)
rNeg     . . .     Faith    .   m - +0 scale mail
rPois    .         Spirit   .   (no helmet)
rElec    .         Reflect  .   (no cloak)
rCorr    .         Harm     .   (no gloves)
MR       .....                  (no barding)
Stlth    ..........             (no amulet)
HPRegen  0.10/turn              (no ring)
MPRegen  0.09/turn              (no ring)

@: very quick
A: large, hooves 3, deformed body, [deterioration 2], speed 2, tough skin 3
a: Depart the Abyss, Renounce Religion


You were on level 2 of the Dungeon.
You worshipped Lugonu.
Lugonu was aware of your devotion.
You were not hungry.

You visited 1 branch of the dungeon, and saw 2 of its levels.
You visited the Abyss 1 time.

You collected 107 gold pieces.

Inventory:

Hand Weapons
 a - a +1 hand axe
 e - a +1 hand axe of flaming (weapon)
Armour
 m - a +0 scale mail (worn)
Wands
 h - a wand of paralysis (8)
Scrolls
 b - a scroll of fear {unknown}
 f - a scroll of identify
 l - a scroll of remove curse
Potions
 g - a potion of resistance
 i - a potion of curing {unknown}
 j - 2 potions of heal wounds {unknown}
 k - a potion of agility {unknown}
Comestibles
 c - 3 rations


   Skills:
 + Level 3.4 Fighting
 + Level 2.1 Axes
 * Level 1.8 Armour
 * Level 1.1 Dodging
 * Level 2.3 Invocations


You had 2 spell levels left.
You didn't know any spells.
Your spell library was empty.

Dungeon Overview and Level Annotations

Branches:
Dungeon (2/15)

Altars:


Innate Abilities, Weirdness & Mutations

You have hooves in place of feet.
Armour fits poorly on your strangely shaped body.
You cover ground very quickly.
You have extremely tough skin. (AC +3)
[Your body often deteriorates upon taking damage.]


Message History

The gnoll is heavily wounded.
The gnoll closely misses you.
A gnoll comes into view. It is wielding a +0 whip.
The gnoll hits you with a +0 whip.
You hit the gnoll. You burn the gnoll.
The gnoll is severely wounded.
A gnoll shaman comes into view. It is wielding a +0 whip.
The gnoll hits you but does no damage.
You hit the gnoll. You burn the gnoll. You kick the gnoll.
You kill the gnoll!
Lugonu accepts your kill.
You barely miss the gnoll. The gnoll barely misses you.
Unknown command.
You hit the gnoll but do no damage. The gnoll hits you with a +0 flail.
Unknown command.
You barely miss the gnoll. The gnoll hits you with a +0 flail!
* * * LOW HITPOINT WARNING * * *
You closely miss the gnoll. You kick the gnoll, but do no damage.
The gnoll hits you with a +0 flail!
You die...

..###......##
............
#....#..#.#
#......##.#####
#..........##
#.........<#
.####
##.#######....#
......######.#
######
.....ggg@....#
.......)######
........#
........#
..(.....#
........#
.......##
......#


You could see a gnoll shaman and 2 gnolls.

Vanquished Creatures
  2 gnolls (D:2)
  An ooze (D:1)
  A dart slug (D:1)
  A goblin (D:1)
  4 hobgoblins
  A bat (D:2)
  A frilled lizard (D:1)
  3 kobolds (D:1)
14 creatures vanquished.

Notes
Turn   | Place    | Note
-------+----------+-------------------------------------------
     0 | Abyss:1  | Gargoyl the Centaur Abyssal Knight began the quest for the
                  | Orb.
     0 | Abyss:1  | Reached XP level 1. HP: 19/19 MP: 2/2
    35 | Abyss:1  | Found a corrupted altar of Lugonu.
    79 | Abyss:1  | Noticed a hell hound
    87 | Abyss:1  | Noticed an eye of draining
    90 | Abyss:1  | Noticed a wretched star
    93 | Abyss:2  | Found a shimmering altar of Xom.
    94 | Abyss:2  | Found a shimmering altar of Xom.
    94 | Abyss:2  | Found a shimmering altar of Xom.
   103 | Abyss:2  | Found a shimmering altar of Xom.
   103 | Abyss:2  | Found a shimmering altar of Xom.
   106 | Abyss:2  | Found a shimmering altar of Xom.
   106 | Abyss:2  | Found a shimmering altar of Xom.
   106 | Abyss:2  | Found a corrupted altar of Lugonu.
   106 | Abyss:2  | Found a shimmering altar of Xom.
   107 | Abyss:2  | Found a shimmering altar of Xom.
   107 | Abyss:2  | Found a shimmering altar of Xom.
   107 | Abyss:2  | Found a shimmering altar of Xom.
   174 | Abyss:3  | Noticed a wretched star
   175 | D:1      | Escaped the Abyss
   625 | D:1      | Reached * piety under Lugonu
   625 | D:1      | Reached XP level 2. HP: 26/26 MP: 3/3
  1043 | D:2      | Reached skill level 1 in Dodging
  1043 | D:2      | Reached XP level 3. HP: 24/31 MP: 4/4
  1051 | D:2      | Slain by a gnoll

Skill      XL: |  1  2 |
---------------+-------+-----
Axes           | 2 |  2.1
Dodging        | 1 |  1.1
Fighting       | |  3.4
Armour         | |  1.8
Invocations    | |  2.3

Action                   || total
-------------------------++-------
Melee: Hand axe          ||    31
       Kick              ||     4
Invok: Depart the Abyss  ||     1
  Use: Scroll            ||     3
       Potion            ||     1
Armor: Leather armour    ||     2
       Scale mail        ||     9
Dodge: Dodged            ||     9
